Map: Dusty Gorge

Players

PureLegacy - Winner!

  • Race: Terran Terran
  • Spawn Location: 9:00

ADOIFHlTLER - Winner!

  • Race: Terran Terran
  • League: Master
  • Spawn Location: 11:00

SANTACLAUS

  • Race: Zerg Zerg
  • Spawn Location: 5:00

IIIIIIIIIIII

  • Race: Protoss Protoss
  • League: Master
  • Spawn Location: 3:00

VOD

Have the link to the VOD?

Description

Time

  • Played on: Nov. 22, 2018, 11:25 a.m.
  • Length: 3:56
Show
View Real Time Build Order
Export as new Build Order

PureLegacy Terran - Winner!

Build Orders:  

Get SALT Encoding   

  12  0:01  SCV  
  13  0:13  SCV  
  14  0:19  Supply Depot  
  14  0:25  SCV  
  15  0:30  Refinery  
  15  0:40  SCV  
  16  0:45  Barracks  
  16  0:52  SCV  
  17  1:04  SCV  
  18  1:13  Barracks  
  18  1:19  Barracks  
  18  1:33  Reaper  
  19  1:41  Orbital Command  
  19  1:57  Refinery  
  19  2:02  Reaper  
  19  2:07  Reaper  
  21  2:11  Supply Depot  
  21  2:26  Reaper  
  23  2:35  Barracks  
  23  2:36  Barracks, Reaper  
  23  2:45  Supply Depot  
  23  2:55  Reaper  
  24  2:59  Reaper  
  24  3:02  Bunker  
  25  3:06  SCV  
  25  3:11  Reaper  
  26  3:23  Reaper  
  20  3:40  SCV  
Show
View Real Time Build Order
Export as new Build Order

ADOIFHlTLER Terran - Winner!

Build Orders:  

Get SALT Encoding   

  12  0:00  SCV  
  13  0:12  SCV  
  14  0:18  Supply Depot  
  14  0:25  SCV  
  15  0:30  Refinery  
  15  0:39  SCV  
  16  0:46  Barracks  
  16  0:51  SCV  
  17  1:04  SCV  
  18  1:16  SCV  
  19  1:33  Marine  
  19  1:36  Bunker  
  20  1:43  Factory  
  20  1:51  Marine  
  19  2:08  Marine  
  19  2:09  Supply Depot  
  20  2:26  Marine  
  21  2:31  Factory Tech Lab  
  23  2:51  Siege Tank  
  23  2:57  Orbital Command  
  24  3:08  Supply Depot  
  22  3:28  SCV  
  22  3:30  Marine  
  24  3:40  SCV  
  28  3:52  Supply Depot  
Show
View Real Time Build Order
Export as new Build Order

SANTACLAUS Zerg 

Build Orders: Pool Only 

Get SALT Encoding   

  12  0:01  Drone  
  13  0:13  Drone  
  14  0:21  Extractor  
  14  0:22  Drone, Extractor  
  14  0:23  Drone  
  14  0:41  Spawning Pool  
  13  0:44  Drone  
  14  0:56  Overlord  
  14  1:29  Drone, Roach Warren  
  14  1:33  Overlord  
  14  2:08  Roach x3  
  20  2:19  Roach  
  22  2:30  Roach  
  24  2:40  Ravager x3  
  24  2:43  Overlord  
  27  2:54  Roach  
  29  3:07  Roach  
Show
View Real Time Build Order
Export as new Build Order

IIIIIIIIIIII Protoss 

Build Orders: Cannon Rush 

Get SALT Encoding   

  12  0:01  Probe  
  13  0:13  Probe  
  14  0:22  Pylon  
  14  0:25  Probe  
  15  0:37  Probe  
  16  0:43  Forge  
  16  0:45  Probe  
  17  0:55  Probe  
  18  1:06  Pylon  
  18  1:08  Pylon  
  18  1:30  Photon Cannon  
  18  1:31  Photon Cannon  
  17  1:49  Photon Cannon  
  17  1:53  Photon Cannon  
  17  1:56  Photon Cannon  
  17  1:58  Photon Cannon  
  17  2:10  Photon Cannon  
  17  2:20  Photon Cannon  
  17  2:35  Photon Cannon  
  17  2:40  Probe  
  17  2:42  Gateway  
  18  2:48  Assimilator  
  18  2:49  Probe  
  18  2:57  Pylon  
  19  2:58  Assimilator  
  19  3:05  Probe, Pylon  
  20  3:14  Probe  
  21  3:20  Photon Cannon  
  21  3:23  Probe  
  22  3:30  Cybernetics Core  
Tags
 
Add a new tag
Caveats
  • Supply blocks, unpowered buildings, or Contaminate may cause inaccurate times.
  • Supply counts are checked every 10 seconds.